 Dungeon Crawl Stone Soup version 0.23-a0-182-g58cdd98 (webtiles) character file.

2953 chorionicmirror the Carver (level 9, 0/69 HPs)
             Began as a Demonspawn Gladiator on Sept 20, 2018.
             Slain by Grum
             ... wielding a +1 spear
              (8 damage)
             ... on level 8 of the Dungeon.
             The game lasted 00:30:32 (6258 turns).

chorionicmirror the Carver (Demonspawn Gladiator)   Turns: 6258, Time: 00:30:33

Health: 0/69       AC: 13    Str: 17    XL:     9   Next: 52%
Magic:  5/9        EV: 13    Int:  9    God:
Gold:   452        SH:  0    Dex: 18    Spells: 7/8 levels left

rFire    + . .     SeeInvis +   D - +2 dagger (venom)
rCold    + + .     Gourm    .   (no shield)
rNeg     . . .     Faith    .   B - +0 leather armour {rC+}
rPois    .         Spirit   .   c - +0 helmet
rElec    +         Reflect  .   n - +0 cloak of Heresy {rElec rC+ SInv} (curse)
rCorr    .         Harm     .   (no gloves)
MR       +....                  (no boots)
Stlth    +.........             (no amulet)
HPRegen  0.21/turn              h - +5 ring of protection
MPRegen  0.11/turn              e - +5 ring of slaying

@: about to teleport
A: molten scales 2, agile 1, fire resistance 1, magic resistance 1, spiny 1,
wild magic 1, flame cloud immunity
a: no special abilities


You were on level 8 of the Dungeon.
You were not hungry.

You visited 2 branches of the dungeon, and saw 9 of its levels.

You collected 452 gold pieces.

Inventory:

Hand Weapons
 a - a +1 long sword
 D - a +2 dagger of venom (weapon)
Missiles
 w - a throwing net (quivered)
Armour
 b - a +2 cloak of magic resistance
 c - a +0 helmet (worn)
 g - a +0 shield
 n - the cursed +0 cloak of Heresy (worn) {rElec rC+ SInv}
   (You found it on level 6 of the Dungeon)

   It protects you from cold.
   It insulates you from electricity.
   It lets you see invisible.
   It has a curse placed upon it.
 B - a +0 leather armour of cold resistance (worn)
Jewellery
 d - an uncursed ring of protection from magic
 e - a +5 ring of slaying (right hand)
 h - a +5 ring of protection (left hand)
 q - an uncursed ring of protection from cold
Wands
 k - a wand of clouds (2)
 u - a wand of polymorph (8)
 C - a wand of random effects (31)
Scrolls
 j - 2 scrolls of remove curse
 o - 3 scrolls of magic mapping
 p - a scroll of teleportation
 z - a scroll of enchant weapon
Potions
 m - a potion of mutation
 v - 2 potions of agility
Comestibles
 f - 8 rations
 i - 5 chunks of flesh


   Skills:
 - Level 6.0 Fighting
 * Level 9.8 Long Blades
 - Level 1.7 Throwing
 - Level 3.0 Armour
 - Level 3.0 Dodging
 - Level 5.1 Necromancy


You had 7 spell levels left.
You knew the following spells:

 Your Spells              Type           Power        Failure   Level  Hunger
a - Pain                  Necr           ##..         10%         1    ##.....

Your spell library contained the following spells:

 Spells                   Type           Power        Failure   Level  Hunger
 Animate Skeleton         Necr           N/A          10%         1    ##.....
 Vampiric Draining        Necr           ##........   26%         3    ####...
 Magic Dart               Conj           #...         52%         1    ##.....
 Regeneration             Chrm/Necr      #.........   54%         3    ####...
 Animate Dead             Necr           N/A          61%         4    #####..
 Blink                    Tloc           N/A          67%         2    ###....
 Call Imp                 Summ           #.......     67%         2    ###....
 Slow                     Hex            #.......     67%         2    ###....
 Conjure Flame            Conj/Fire      #.......     87%         3    ####...
 Mephitic Cloud           Conj/Pois/Air  #.......     87%         3    ####...


Dungeon Overview and Level Annotations

Branches:
Dungeon (8/15)             Temple (1/1) D:7
   Lair: D:8-11

Altars:
Dithmenos
Elyvilon
Fedhas
Gozag
Hepliaklqana
Nemelex Xobeh
Qazlal
Ru
Sif Muna
Trog
Uskayaw
Vehumet
Wu Jian
Yredelemnul
Zin
The Shining One

Annotations:
D:5 1 runed door
D:8 Grum


Innate Abilities, Weirdness & Mutations

You are mostly covered in molten scales. (AC +3)
Your flesh is heat resistant. (rF+)
You are partially covered in sharp spines.
You are immune to clouds of flame.
You are agile. (Dex +2)
You are resistant to hostile enchantments. (MR+)
Your spells are a little harder to cast, but a little more powerful.


Message History

* * * LOW HITPOINT WARNING * * *
The killer bee zombie is struck by your spines.
You destroy the killer bee zombie!
You feel better.
The centaur hits you but does no damage.
Grum closely misses you. The centaur is struck by your spines.
The centaur hits you.
* * * LOW HITPOINT WARNING * * *
Grum points his finger and shouts, "Junior!
Sic 'em!"
Grum hits you from afar with an enchanted spear!
* * * LOW HITPOINT WARNING * * *
As you read the scroll of teleportation, it crumbles to dust.
You feel strangely unstable. The centaur hits you.
* * * LOW HITPOINT WARNING * * *
Grum completely misses you. The centaur barely misses you.
Grum points his finger and shouts, "Pluto!
Sic 'em!"
The centaur hits you but does no damage.
Grum hits you from afar with an enchanted spear!
You die...

# ##### ###.##...#
......>.#
##.##...##########
.............)...#
#.##...##...###.#
#...+....# #.#
#...##...# #.#
#@c.##...# #.# #
##'###...# #.# #
#g# ##### #.# #
#h# #.# # #.# #.#
# #h###### #.# #
#h.....# #)# #
#(.....# #.# ### #
##......# #.# #<.


You could see Grum, 2 wolves, a centaur and a howler monkey.

Vanquished Creatures
  A two-headed ogre (D:8)
  Joseph (D:7)
  Duvessa (D:7)
  An orc warrior (D:4)
  3 ice beasts
  A black bear (D:8)
  2 wolves (D:8)
  2 ogres (D:8)
  2 centaurs
  Dowan (D:7)
  3 electric eels (D:6)
  A crimson imp (D:6)
  A bullfrog skeleton (D:5)
  A centaur skeleton (D:7)
  4 orc priests (D:4)
  4 orc wizards (D:4)
  Terence (D:2)
  2 iguanas
  6 worker ants
  A killer bee zombie (D:8)
  A hound zombie (D:7)
  A howler monkey skeleton (D:5)
  11 adders
  A shadow imp (D:6)
  2 worms
  2 adder skeletons
  4 dart slugs
  3 leopard geckos
  18 orcs
  A ball python (D:3)
  7 bats
  5 giant cockroaches
  7 goblins
  5 hobgoblins
  9 jackals
  2 quokkas (D:5)
  5 frilled lizards
  4 kobolds
  9 rats
136 creatures vanquished.

Notes
Turn   | Place    | Note
-------+----------+-------------------------------------------
     0 | D:1      | chorionicmirror the Demonspawn Gladiator began the quest
                  | for the Orb.
     0 | D:1      | Reached XP level 1. HP: 16/16 MP: 1/1
   144 | D:1      | Gained mutation: You are partially covered in molten
                  | scales. (AC +2) [demonic ancestry]
   144 | D:1      | Reached XP level 2. HP: 17/22 MP: 2/2
   189 | D:1      | Reached skill level 3 in Long Blades
   585 | D:2      | Reached XP level 3. HP: 28/28 MP: 3/3
   648 | D:2      | Gained mutation: Your spells are a little harder to cast,
                  | but a little more powerful. [potion of mutation]
   648 | D:2      | Gained mutation: You are agile. (Dex +2) [potion of
                  | mutation]
   648 | D:2      | Gained mutation: You are resistant to hostile enchantments.
                  | (MR+) [potion of mutation]
   671 | D:2      | Reached skill level 1 in Armour
   689 | D:2      | Noticed Terence
   709 | D:2      | Killed Terence
   716 | D:2      | Gained mutation: Your flesh is heat resistant. (rF+)
                  | [demonic ancestry]
   716 | D:2      | Reached XP level 4. HP: 25/34 MP: 4/4
  1275 | D:3      | Reached skill level 4 in Long Blades
  1299 | D:3      | Found a sparkling altar of Nemelex Xobeh.
  1304 | D:3      | Gained mutation: You are partially covered in sharp spines.
                  | [demonic ancestry]
  1304 | D:3      | Reached XP level 5. HP: 40/41 MP: 5/5
  1583 | D:3      | Found a white marble altar of Elyvilon.
  1865 | D:3      | Found a bloodstained altar of Trog.
  1865 | D:3      | Found a blossoming altar of Fedhas.
  1927 | D:4      | Noticed a centaur
  1954 | D:4      | Killed a centaur
  1954 | D:4      | Gained mutation: You are mostly covered in molten scales.
                  | (AC +3) [demonic ancestry]
  1954 | D:4      | Reached XP level 6. HP: 34/47 MP: 6/6
  1970 | D:4      | Reached skill level 5 in Long Blades
  2096 | D:4      | Found a shadowy altar of Dithmenos.
  2142 | D:4      | Noticed an orc warrior
  2154 | D:4      | Gained mutation: You are immune to clouds of flame.
                  | [demonic ancestry]
  2154 | D:4      | Reached XP level 7. HP: 36/54 MP: 7/7
  2550 | D:5      | Entered Level 5 of the Dungeon
  2585 | D:5      | Found a glowing golden altar of the Shining One.
  2585 | D:5      | Noticed an angel
  2586 | D:5      | Found a runed door.
  2722 | D:5      | Reached skill level 6 in Long Blades
  2902 | D:5      | Learned a level 1 spell: Pain
  2965 | D:5      | Found a deep blue altar of Sif Muna.
  3531 | D:6      | Got a distressingly furry cloak
  3542 | D:6      | Identified the cursed +0 cloak of Heresy {rElec rC+ SInv}
                  | (You found it on level 6 of the Dungeon)
  3761 | D:6      | Reached skill level 1 in Necromancy
  3768 | D:6      | Reached skill level 5 in Fighting
  3771 | D:6      | Reached XP level 8. HP: 36/62 MP: 8/8
  4162 | D:7      | Reached skill level 7 in Long Blades
  4240 | D:7      | Noticed Joseph
  4257 | D:7      | Killed Joseph
  4319 | D:7      | Noticed Duvessa
  4319 | D:7      | Noticed Dowan
  4329 | D:7      | Killed Duvessa
  4344 | D:7      | Killed Dowan
  4538 | D:7      | Found a transporter.
  4541 | D:7      | Noticed a kobold demonologist
  4547 | D:7      | Found a transporter.
  4557 | D:7      | Noticed a fire crab
  4563 | D:7      | Found a staircase to the Ecumenical Temple.
  4566 | D:7      | Noticed a kobold demonologist
  4582 | Temple   | Entered the Ecumenical Temple
  5373 | D:7      | Reached skill level 8 in Long Blades
  5654 | D:7      | Noticed a hellwing
  5656 | D:7      | HP: 2/64 [shadow imp/nerve-wracking pain (9)]
  5748 | D:7      | Noticed a smoke demon
  6011 | D:8      | Noticed a two-headed ogre
  6022 | D:8      | Killed a two-headed ogre
  6022 | D:8      | Reached XP level 9. HP: 51/69 MP: 9/9
  6039 | D:8      | Reached skill level 9 in Long Blades
  6039 | D:8      | Reached skill level 5 in Necromancy
  6224 | D:8      | Found a basalt altar of Yredelemnul.
  6229 | D:8      | Noticed Grum
  6258 | D:8      | Slain by Grum

Vault maps used:
D:1:      dpeg_arrival_long_road, kennysheep_boxes
D:2:      minmay_misc_feat_enclosed, minmay_misc_feat_square, uniq_terence
D:3:      old_standard_altar, nicolae_overflow_crystal_walls,
          gammafunk_temple_overflow_pools
D:4:      nicolae_dithmenos_the_darkroom
D:5:      led_sif_pool, first_ration, lemuel_angel_altar
D:6:      serial_bayou_lake_a
D:7:      gammafunk_wand_slinger, minmay_temple_entry_statues_pillars,
          uniq_joseph, uniq_duvessa
D:8:      yredelemnul_altar_generic, grunt_temple_overflow_cloverleaf, uniq_grum
Temple:   compressed_dpeg_triangle_lava_temple

Skill      XL: |  1  2  3  4  5  6  7  8  9 |
---------------+----------------------------+-----
Long Blades    | 3 4 5 6 8 9 |  9.8
Dodging        | 3 |  3.0
Armour         | 1 2 3 |  3.0
Fighting       | 3 4 5 6 |  6.0
Necromancy     | 1 4 5 |  5.1
Throwing       | |  1.7

Action                   |  1- 3 |  4- 6 |  7- 9 || total
-------------------------+-------+-------+-------++-------
Melee: Long sword        |    81 |    29 |       ||   110
       Dagger            |       |   126 |   147 ||   273
       Short sword       |       |       |     4 ||     4
Throw: Throwing net      |       |     1 |     3 ||     4
 Cast: Pain              |       |       |    10 ||    10
Evoke: Wand              |       |       |     2 ||     2
  Use: Scroll            |     4 |     4 |     9 ||    17
       Potion            |     2 |     1 |    13 ||    16
 Stab: Distracted        |       |     1 |       ||     1
       Held in net/web   |       |       |     1 ||     1
       Sleeping          |       |       |     1 ||     1
  Eat: Chunk             |       |     4 |     4 ||     8
       Ration            |       |       |     3 ||     3
Armor: Leather armour    |    42 |    11 |    39 ||    92
       Ring mail         |       |    53 |    25 ||    78
Dodge: Dodged            |    80 |    82 |   119 ||   281
       Rpst.: Long sword |    27 |     9 |       ||    36

Table legend:
 A = Non-vault XP
 B = Vault XP
 C = Vault XP percentage of total XP
 D = Non-vault monster count
 E = Vault monster count
 F = Vault count percentage of total count
                 A         B        C        D         E       F
            +---------+---------+-------+---------+---------+-------
      Total |    3260 |     959 |  22.7 |     130 |       6 |   4.4
            +---------+---------+-------+---------+---------+-------
        D:1 |      31 |       0 |   0.0 |      16 |       0 |   0.0
        D:2 |      70 |      36 |  34.0 |      23 |       1 |   4.2
        D:3 |     132 |       0 |   0.0 |      30 |       0 |   0.0
        D:4 |     649 |       0 |   0.0 |      28 |       0 |   0.0
        D:5 |     333 |       0 |   0.0 |      13 |       0 |   0.0
        D:6 |     224 |       0 |   0.0 |       6 |       0 |   0.0
        D:7 |     402 |     683 |  62.9 |       8 |       3 |  27.3
        D:8 |    1419 |     240 |  14.5 |       6 |       2 |  25.0
            +---------+---------+-------+---------+---------+-------
